 Dungeon Crawl Stone Soup version 0.21-a0-221-gfe971b9 (webtiles) character file.

8011 Leszczynek the Grappler (level 11, -28/111 HPs)
             Began as a Troll Skald on Aug 25, 2017.
             Was a Priest of Makhleb.
             Engulfed by a cloud of freezing vapour (29 damage)
             ... on level 12 of the Dungeon.
             The game lasted 00:32:05 (4957 turns).

Leszczynek the Grappler (Troll Skald)               Turns: 4957, Time: 00:32:06

Health: -28/111    AC:  5    Str: 21    XL:     11   Next: 4%
Magic:  13/14      EV: 12    Int: 11    God:    Makhleb [***...]
Gold:   448        SH:  0    Dex: 10    Spells: 8/12 levels left

rFire    + . .     SeeInvis +     - Unarmed
rCold    . . .     Gourm    +   (no shield)
rNeg     . . .     Faith    .   a - +0 robe
rPois    .         Spirit   .   (helmet restricted)
rElec    .         Reflect  .   (no cloak)
rCorr    .         Harm     .   (gloves unavailable)
MR       .....                  (boots unavailable)
Stlth    +.........             (no amulet)
HPRegen  0.68/turn              o - ring of protection from fire
MPRegen  0.14/turn              r - ring of see invisible

@: no status effects
A: unfitting armour, claws 3, fast metabolism 3, gourmand, regeneration 1,
shaggy fur 1, tough skin 2
a: Minor Destruction, Lesser Servant of Makhleb, Renounce Religion


You were on level 12 of the Dungeon.
You worshipped Makhleb.
Makhleb was most pleased with you.
You were full.

You visited 2 branches of the dungeon, and saw 14 of its levels.

You collected 498 gold pieces.
You spent 50 gold pieces at shops.

Inventory:

Hand Weapons
 L - a +1 scimitar of flaming
 M - a +0 hand crossbow
Missiles
 f - 5 large rocks (quivered)
 k - 4 throwing nets
 A - 5 tomahawks
 C - 3 javelins
 D - 7 tomahawks of returning
Armour
 a - a +0 robe (worn)
Jewellery
 o - a ring of protection from fire (left claw)
 r - a ring of see invisible (right claw)
 y - an uncursed ring of fire
Wands
 l - a wand of random effects (28/48)
 q - a wand of confusion (26/48)
 I - a wand of random effects (18/48)
 K - a wand of lightning (7/15)
 N - a wand of confusion (19/48)
Scrolls
 h - 2 scrolls of fog {unknown}
 j - a scroll of teleportation
 p - 2 scrolls of recharging
 u - a scroll of fear
 w - a scroll of torment {unknown}
 x - a scroll of blinking
 F - 2 scrolls of enchant weapon
 G - a scroll of noise {unknown}
Potions
 e - a potion of magic {unknown}
 g - 3 potions of curing {unknown}
 i - 3 potions of cancellation
 m - a potion of resistance {unknown}
 s - 3 potions of berserk rage {unknown}
 t - a potion of brilliance {unknown}
 v - 2 potions of agility
 B - a potion of might {unknown}
 E - 2 potions of mutation {unknown}
 J - a potion of heal wounds {unknown}
Books
 b - a book of Battle

   Spells                             Type                      Level
   a - Infusion                       Charms                       1
   b - Shroud of Golubria             Charms/Translocation         2
   c - Song of Slaying                Charms                       2
   d - Spectral Weapon                Hexes/Charms                 3
   e - Regeneration                   Charms/Necromancy            3
Miscellaneous
 H - a lamp of fire (inert)
Comestibles
 c - 11 royal jellies
 d - 9 bread rations
 n - 7 meat rations
 z - 4 fruits


   Skills:
 - Level 8.2 Fighting
 - Level 6.0 Dodging
 + Level 11.0 Unarmed Combat
 - Level 1.2 Spellcasting
 - Level 2.0 Charms
 * Level 5.5 Invocations


You had 8 spell levels left.
You knew the following spells:

 Your Spells              Type           Power        Failure   Level  Hunger
a - Song of Slaying       Chrm           #.......     22%         2    ###....
b - Shroud of Golubria    Chrm/Tloc      #.........   32%         2    ###....


Dungeon Overview and Level Annotations

Branches:
Dungeon (13/15)            Temple (1/1) D:7            Lair (0/6) D:11
    Orc (0/2) D:10
 Vaults: D:13-14

Altars:
Cheibriados
Dithmenos
Elyvilon
Fedhas
Gozag
Hepliaklqana
Kikubaaqudgha
Makhleb
Nemelex Xobeh
Qazlal
Ru
Uskayaw
Yredelemnul
Zin
The Shining One

Shops:
D:5 *   D:7 =   D:8 =   D:11 (

Portals:
Bazaar: D:12

Annotations:
D:6 2ho
D:9 Gastronok
D:10 orc, Erica, Snorg
D:12 Frances


Innate Abilities, Weirdness & Mutations

You are too large for most types of armour.
You have claws for hands.
Your metabolism is lightning-fast.
You like to eat raw meat.
Your natural rate of healing is unusually fast.
You are covered in fur. (AC +1)
You have very tough skin. (AC +2)


Message History

Frances shouts!
The green ugly thing gurgles horribly!
Found seven items.
Found a flickering gateway to a bazaar.
A worker ant comes into view.
There is a stone staircase leading down here.
Unknown command.
Enter note: hm
Enter note: so i'll have to suicide to get there Really walk into a travel-excluded area?
You are engulfed in freezing vapours.
You enter the shallow water.
Moving in this stuff is going to be slow.
You are engulfed in freezing vapours.
Frances screams a word of power!
The iron shot hits you!
Ouch! That really hurt!
* * * LOW HITPOINT WARNING * * *
Frances whispers indecipherable words.
The brown ugly thing basks in the mutagenic energy from its kin and changes!
You are engulfed in freezing vapours.
You die...

. #.. .. #!#
.a. ###.###
../4 #.....#
....u#.).§?##
....u@.§§§§§##
#.>§§§§§##
####§≈§§.#
#≈≈@≈≈§#
##§§§#§# ##§§#
# ##.# .# §#
#. .


You could see Frances, a green ugly thing and a chaos spawn.

Vanquished Creatures
  A hydra (D:11)
  An unseen horror (D:13)
  A wolf spider zombie (D:13)
  An efreet (D:11)
  2 hippogriffs
  A shadow (D:12)
  9 yaks
  2 hungry ghosts
  An acid dragon (D:11)
  6 orc warriors
  2 phantoms
  2 ice beasts
  A sky beast (D:9)
  A black bear (D:11)
  2 ogres
  A big kobold (D:10)
  7 bullfrogs
  3 scorpions
  17 killer bees
  3 wights
  5 electric eels (D:10)
  4 crimson imps
  2 hounds
  2 jellies
  3 orc priests
  2 bullfrog skeletons
  3 iguanas
  7 orc wizards
  A worker ant (D:4)
  A worker ant zombie (D:5)
  8 gnolls
  7 adders
  3 shadow imps
  A dart slug (D:1)
  3 leopard geckos
  29 orcs
  2 bats
  3 giant cockroaches
  2 goblins
  2 hobgoblins
  11 jackals
  8 kobolds
  5 quokkas
  2 ball pythons
  5 frilled lizards
  A giant cockroach zombie (D:6)
  5 rats
191 creatures vanquished.

Vanquished Creatures (others)
  An ugly thing (D:12)
  An orc priest (D:12)
  2 orcs (D:12)
  2 fungi (D:11)
6 creatures vanquished.

Grand Total: 197 creatures vanquished

Notes
Turn   | Place    | Note
-------+----------+-------------------------------------------
     0 | D:1      | Leszczynek the Troll Skald began the quest for the Orb.
     0 | D:1      | Reached XP level 1. HP: 19/19 MP: 1/1
    31 | D:1      | Reached XP level 2. HP: 14/27 MP: 2/2
    38 | D:1      | Learned a level 2 spell: Shroud of Golubria
    67 | D:1      | Reached skill level 3 in Unarmed Combat
   403 | D:3      | Reached XP level 3. HP: 33/33 MP: 3/3
   476 | D:4      | Noticed a scorpion
   484 | D:4      | Killed a scorpion
   484 | D:4      | Reached skill level 4 in Unarmed Combat
   484 | D:4      | Reached XP level 4. HP: 31/41 MP: 0/4
   537 | D:4      | Reached skill level 5 in Unarmed Combat
   559 | D:4      | Reached XP level 5. HP: 48/48 MP: 0/5
   657 | D:4      | Reached skill level 6 in Unarmed Combat
   702 | D:4      | Reached XP level 6. HP: 48/55 MP: 6/6
   993 | D:3      | Reached skill level 7 in Unarmed Combat
  1082 | D:5      | Entered Level 5 of the Dungeon
  1092 | D:5      | Found an opulent altar of Gozag.
  1094 | D:5      | this would be definitely a good idea
  1103 | D:5      | Found a white marble altar of Elyvilon.
  1140 | D:5      | Reached XP level 7. HP: 43/62 MP: 7/7
  1153 | D:5      | Reached skill level 8 in Unarmed Combat
  1327 | D:6      | Noticed a two-headed ogre
  1328 | D:6      | really
  1416 | D:5      | Found Umaxkupn's Assorted Antiques.
  1434 | D:5      | Bought a murky dark potion for 25 gold pieces
  1434 | D:5      | Bought a metallic black potion for 25 gold pieces
  1608 | D:6      | Reached skill level 2 in Fighting
  1666 | D:7      | Noticed a hippogriff
  1703 | D:7      | Killed a hippogriff
  1703 | D:7      | Reached skill level 3 in Fighting
  1703 | D:7      | Reached XP level 8. HP: 43/76 MP: 5/8
  1721 | D:7      | Found Aguugg's Jewellery Shoppe.
  1898 | D:7      | Reached skill level 4 in Fighting
  1907 | D:7      | Found a staircase to the Ecumenical Temple.
  1917 | Temple   | Entered the Ecumenical Temple
  1953 | Temple   | Became a worshipper of Makhleb the Destroyer
  2138 | D:8      | Reached skill level 9 in Unarmed Combat
  2156 | D:8      | Found Nera's Jewellery Emporium.
  2206 | D:9      | Noticed a two-headed ogre
  2214 | D:8      | Reached skill level 2 in Dodging
  2314 | D:7      | Reached skill level 5 in Fighting
  2314 | D:7      | Reached skill level 3 in Dodging
  2402 | D:8      | Got a scorched falchion
  2403 | D:8      | Identified the cursed +3 falchion of the Sun {drain, Str+3 Dex+3} (You found it on level 8 of the Dungeon)
  2443 | D:8      | Learned a level 2 spell: Song of Slaying
  2521 | D:8      | Reached skill level 4 in Dodging
  2603 | D:8      | Reached XP level 9. HP: 57/88 MP: 9/9
  2661 | D:8      | Reached skill level 5 in Dodging
  2778 | D:9      | Noticed Gastronok
  2806 | D:9      | Reached * piety under Makhleb
  2882 | D:9      | Reached skill level 6 in Fighting
  2882 | D:9      | Reached skill level 6 in Dodging
  3117 | D:10     | Entered Level 10 of the Dungeon
  3199 | D:10     | Reached skill level 10 in Unarmed Combat
  3286 | D:10     | Reached XP level 10. HP: 93/100 MP: 7/10
  3299 | D:10     | Reached ** piety under Makhleb
  3318 | D:10     | Noticed Snorg
  3465 | D:10     | Found an ancient bone altar of Kikubaaqudgha.
  3561 | D:10     | Reached skill level 7 in Fighting
  3624 | D:10     | HP: 19/102 [hippogriff (6)]
  3864 | D:10     | Reached skill level 11 in Unarmed Combat
  3871 | D:10     | Found a staircase to the Orcish Mines.
  3931 | D:10     | Noticed a cyclops
  4189 | D:9      | Reached skill level 1 in Invocations
  4205 | D:9      | the rng is really fucking terrible for this character
  4345 | D:10     | Noticed Erica
  4395 | D:11     | Reached skill level 2 in Invocations
  4449 | D:11     | Found a staircase to the Lair.
  4538 | D:11     | Reached skill level 3 in Invocations
  4555 | D:11     | Noticed a five-headed hydra
  4571 | D:11     | Killed a five-headed hydra
  4571 | D:11     | Reached skill level 4 in Invocations
  4632 | D:12     | Noticed a brown ugly thing
  4632 | D:12     | Noticed a two-headed ogre
  4633 | D:12     | fun fucking times
  4675 | D:12     | Noticed a brown ugly thing
  4677 | D:12     | Noticed a white ugly thing
  4685 | D:12     | Killed a white ugly thing
  4708 | D:11     | Found Kolerphir's Antique Weapon Boutique.
  4798 | D:11     | You fall through a shaft!
  4818 | D:12     | Reached skill level 8 in Fighting
  4856 | D:12     | Noticed a two-headed ogre
  4905 | D:13     | Noticed an unseen horror
  4917 | D:13     | Killed an unseen horror
  4917 | D:13     | Reached *** piety under Makhleb
  4917 | D:13     | Reached skill level 5 in Invocations
  4939 | D:13     | Reached XP level 11. HP: 102/111 MP: 10/14
  4954 | D:12     | Found a flickering gateway to a bazaar.
  4954 | D:12     | Noticed Frances
  4954 | D:12     | Noticed a green ugly thing
  4955 | D:12     | hm
  4955 | D:12     | so i'll have to suicide to get there
  4956 | D:12     | Ouch! That really hurt!
  4956 | D:12     | HP: 1/111 [Frances/iron shot (56)]
  4957 | D:12     | Engulfed by a cloud of freezing vapour

Vault maps used:
D:1:      minmay_arrival_pointy
D:2:      nicolae_overflow_hidden_temple, first_bread, serial_forest,
          infiniplex_forest_clump_diagonal, infiniplex_forest_lined_1,
          infiniplex_forest_lined_1, infiniplex_forest_lined_corner,
          infiniplex_forest_lined_room_3, infiniplex_forest_end_double,
          infiniplex_forest_end_double
D:4:      bloody_trog, uniq_eustachio
D:5:      kennysheep_mini, grunt_gozag_statues, serial_shops, shop
D:7:      kennysheep_mini_moat, minmay_temple_entry_grid, serial_shops,
          kennysheep_little_box
D:8:      serial_shops, shop
D:9:      marbit_many_paths, uniq_gastronok
D:10:     cheibrodos_fzero, erik_orc_2, basic_altar, serial_shops, shop_statue,
          david_nohive_1, minivault_14, uniq_snorg, uniq_erica
D:11:     grunt_lair_entry_orc_guard_hut, serial_shops,
          nicolae_shop_overgrown_old_shop, minmay_holes
D:12:     serial_shops, freezing_bzr, nrook_loot_triangle, interstate_on_off,
          serial_bayou_lake_a, uniq_psyche, uniq_frances
D:13:     serial_shops, shop
Temple:   nicolae_temple_elliptical

Skill      XL: |  1  2  3  4  5  6  7  8  9 10 |
---------------+-------------------------------+-----
Unarmed Combat | 3 4 5 6 7 8 9 10 11 | 11.0
Fighting       | 3 5 6 8 |  8.2
Dodging        | 4 6 |  6.0
Invocations    | 5 |  5.5
Spellcasting   | |  1.2
Charms         | |  2.0

Action                   |  1- 3 |  4- 6 |  7- 9 | 10-12 || total
-------------------------+-------+-------+-------+-------++-------
Melee: Unarmed           |    65 |   111 |   242 |   239 ||   657
       Punch             |       |     5 |     6 |    10 ||    21
Throw: Large rock        |       |       |       |     1 ||     1
 Cast: Shroud of Golubri |     1 |     3 |     7 |     6 ||    17
Invok: Minor Destruction |       |       |       |     3 ||     3
Evoke: Wand              |       |       |     5 |    10 ||    15
       Lamp of fire      |       |       |       |     1 ||     1
  Use: Scroll            |       |     6 |     4 |     2 ||    12
       Potion            |       |       |       |     2 ||     2
 Stab: Confused          |       |       |       |     1 ||     1
  Eat: Chunk             |     9 |     7 |    27 |    18 ||    61
Armor: Robe              |    20 |    31 |    37 |    38 ||   126
Dodge: Dodged            |    23 |    29 |   110 |   148 ||   310

Table legend:
 A = Spawn XP
 B = Non-spawn XP
 C = Spawn XP percentage of total XP
 D = Spawn monster count
 E = Non-spawn monster count
 F = Spawn count percentage of total count
 G = Total turns spent on level
                    A         B        C        D         E        F      G
               +---------+---------+-------+---------+---------+-------+---------
         Total |     280 |   11165 |   2.4 |       2 |     189 |   1.0 |  4957
               +---------+---------+-------+---------+---------+-------+---------
           D:1 |       0 |      20 |   0.0 |       0 |       3 |   0.0 |   101
           D:2 |       0 |      12 |   0.0 |       0 |       8 |   0.0 |   239
           D:3 |       0 |     247 |   0.0 |       0 |      29 |   0.0 |   409
           D:4 |       0 |     353 |   0.0 |       0 |      17 |   0.0 |   333
           D:5 |       0 |     263 |   0.0 |       0 |      11 |   0.0 |   260
           D:6 |       0 |     244 |   0.0 |       0 |       9 |   0.0 |   392
           D:7 |       0 |     793 |   0.0 |       0 |       8 |   0.0 |   352
           D:8 |       0 |    1473 |   0.0 |       0 |      16 |   0.0 |   562
           D:9 |     127 |    1496 |   7.8 |       1 |      15 |   6.2 |   732
          D:10 |       0 |    2761 |   0.0 |       0 |      58 |   0.0 |   915
          D:11 |     153 |    1945 |   7.3 |       1 |      11 |   8.3 |   415
          D:12 |       0 |     232 |   0.0 |       0 |       2 |   0.0 |    91
          D:13 |       0 |    1326 |   0.0 |       0 |       2 |   0.0 |    88
               +---------+---------+-------+---------+---------+-------+---------
